 Dungeon Crawl Stone Soup version 0.25.0-11-g1f837a76a1 (webtiles) character file.

Game seed: 17859151195341967713

274 MisterFreud the Slasher (level 6, 0/51 HPs)
             Began as a Minotaur Fighter on June 27, 2020.
             Slain by Grinder (2 damage)
             ... while paralysed by Grinder
             ... on level 3 of the Dungeon.
             The game lasted 00:02:31 (2117 turns).

MisterFreud the Slasher (Minotaur Fighter)          Turns: 2117, Time: 00:02:32

Health: 0/51       AC:  7    Str: 22    XL:     6   Next: 3%
Magic:  5/5        EV:  2    Int:  6    God:
Gold:   142        SH:  0    Dex:  9    Spells: 5/5 levels left

rFire    + . .     SeeInvis .   a - +0 long sword
rCold    . . .     Gourm    .   c - +0 kite shield
rNeg     . . .     Faith    .   b - +0 scale mail
rPois    .         Spirit   .   s - +1 hat
rElec    .         Reflect  .   h - scarf {harm}
rCorr    .         Harm     .   (no gloves)
MR       .....                  (no boots)
Stlth    ..........             (no amulet)
HPRegen  0.17/turn              j - ring of protection from fire
MPRegen  0.09/turn              (no ring)

@: paralysed
A: retaliatory headbutt, horns 2
a: no special abilities


You were on level 3 of the Dungeon.
You were not hungry.

You visited 1 branch of the dungeon, and saw 3 of its levels.

You collected 142 gold pieces.

Inventory:

Hand Weapons
 a - a +0 long sword (weapon)
Missiles
 k - a boomerang (quivered)
Armour
 b - a +0 scale mail (worn)
 c - a +0 kite shield (worn)
 h - a scarf of harm (worn)
 s - a +1 hat (worn)
Jewellery
 j - a ring of protection from fire (left hand)
Wands
 g - a wand of polymorph (5)
Scrolls
 e - 2 scrolls of teleportation {unknown}
 l - a scroll of amnesia {unknown}
 m - 2 scrolls of identify {unknown}
 r - a scroll of remove curse {unknown}
Potions
 d - a potion of might
 i - a potion of heal wounds {unknown}
 n - 2 potions of curing
 p - a potion of resistance {unknown}
 q - a potion of lignification {unknown}
Comestibles
 f - 4 rations
 o - 3 chunks of flesh


   Skills:
 - Level 3.6 Fighting
 + Level 7.7 Long Blades
 - Level 3.6 Armour
 - Level 3.6 Shields


You had 5 spell levels left.
You didn't know any spells.
Your spell library was empty.

Dungeon Overview and Level Annotations

Branches:
Dungeon (3/15)

Altars:

Annotations:
D:3 Grinder


Innate Abilities, Weirdness & Mutations

You reflexively headbutt those who attack you in melee.
You have a pair of horns on your head.


Message History

* * * LOW HITPOINT WARNING * * *
You writhe in agony.
* * * LOW HITPOINT WARNING * * *
Unknown command.
Unknown command.
Unknown command.
It was a potion of curing.
You feel better. Grinder gestures at you.
You suddenly lose the ability to move!
Grinder hits you!
* * * LOW HITPOINT WARNING * * *
You writhe in agony.
* * * LOW HITPOINT WARNING * * *
Grinder hits you but does no damage. Grinder barely misses you.
Grinder says, "Wait up."
Grinder hits you.
* * * LOW HITPOINT WARNING * * *
You writhe in agony.
You die...

..........#....
....#.....# ....
###.#.###.# ... # #.
#.# ....# #. #.#..
..# #.###.#. ..
#...... .###
#.#.....####...# ##
#.....5@)...##.#.>#
###.....#...........)
#.....#.#.##.##.#.#
#.....#.....).#.#.#
.......#...#..##.#.#
.######.#..(#..##.#.#
#.#...#..##.#.# ..
#.#...#..##.#.# #.
#.#......##.#.#


You could see Grinder.

Vanquished Creatures
  An orc wizard (D:2)
  Jessica (D:2)
  A worker ant (D:2)
  Terence (D:2)
  Robin (D:2)
  5 adders
  4 gnolls
  An ooze (D:1)
  A worm (D:2)
  3 dart slugs
  3 orcs (D:2)
  2 giant cockroaches (D:2)
  7 hobgoblins
  4 jackals (D:2)
  A quokka (D:2)
  A ball python (D:3)
  6 bats
  4 frilled lizards
  13 goblins
  3 kobolds (D:2)
  5 rats
68 creatures vanquished.

Notes
Turn   | Place    | Note
-------+----------+-------------------------------------------
     0 | D:1      | MisterFreud the Minotaur Fighter began the quest for the
                  | Orb.
     0 | D:1      | Reached XP level 1. HP: 19/19 MP: 0/0
    31 | D:1      | Reached skill level 3 in Long Blades
   119 | D:1      | Reached XP level 2. HP: 26/26 MP: 1/1
   154 | D:1      | Reached skill level 4 in Long Blades
   221 | D:1      | Reached XP level 3. HP: 31/31 MP: 2/2
   638 | D:2      | Reached skill level 5 in Long Blades
   690 | D:2      | Reached XP level 4. HP: 18/39 MP: 3/3
   894 | D:2      | Noticed Jessica
   901 | D:2      | Killed Jessica
   901 | D:2      | Reached skill level 6 in Long Blades
  1039 | D:2      | Reached XP level 5. HP: 31/45 MP: 4/4
  1146 | D:2      | Noticed Terence
  1165 | D:2      | Killed Terence
  1219 | D:2      | Reached skill level 7 in Long Blades
  1236 | D:2      | Noticed Robin
  1436 | D:2      | Killed Robin
  1958 | D:3      | Reached XP level 6. HP: 48/51 MP: 5/5
  2103 | D:3      | Noticed Grinder
  2113 | D:3      | Paralysed by Grinder for 6 turns
  2117 | D:3      | HP: 2/51 [Grinder (5)]
  2117 | D:3      | Slain by Grinder

Illustrated notes

Levels and vault maps discovered:
D:1:      nicolae_arrival_memento_mori, layout_rooms, chequers_jeans
D:2:      minmay_general_purpose_star, layout_rooms,
          minmay_misc_feat_secret_circle, mrwooster_statue_mirror, uniq_robin,
          uniq_terence, uniq_jessica
D:3:      layout_basic, kennysheep_potato, uniq_sigmund, uniq_grinder

Skill      XL: |  1  2  3  4  5 |
---------------+----------------+-----
Long Blades    | 3 4 5 6 7 |  7.7
Fighting       | |  3.6
Armour         | |  3.6
Shields        | |  3.6

Action                   |  1- 3 |  4- 6 || total
-------------------------+-------+-------++-------
Melee: Long sword        |    67 |    96 ||   163
       Headbutt          |     7 |    15 ||    22
  Use: Potion            |       |     1 ||     1
  Eat: Chunk             |       |     4 ||     4
Armor: Scale mail        |    27 |    36 ||    63
Dodge: Dodged            |    21 |    31 ||    52
Block: Kite shield       |    36 |    49 ||    85
       Rpst.: Long sword |     6 |     8 ||    14
